Cogmind - Beta 11.1 @@@ ROGUE MODE // 2022.07.25 @ 22:14:24 Player: Rainynight Result: Self-destructed Performance ------------- Evolutions (3) 1500 Regions Visited (8) 1600 Robots Destroyed (19) 95 Value Destroyed (868) 868 Prototype IDs (25) 500 Alien Tech Used (0) 0 Bonus (1055) 1055 TOTAL SCORE: 5618 Bonus ------- High Alert Combat Kills 55 Entered Garrisons 200 Used RIF Installer 500 Aligned with FarCom 300 Cogmind --------- Core Integrity 639/700 Matter 215/300 Energy 150/150 System Corruption 6% Temperature Cool (6) Movement Core (450) Ox8 Location -7/Factory Parts ------- > --- POWER (1) -------- Light Angular Momentum Engine > --- PROPULSION (4) --- (None) > --- UTILITY (5) ------ Small Storage Unit Machine Analyzer Visual Processing Unit Improved Propulsion Shielding Relay Coupler [Grunt] (22) > --- WEAPON (3) ------- AWS/Thermal Heavy Hammer > --- INVENTORY (8) ---- Improved Heat Sink High-capacity Matter Pod (200) Improved Signal Interpreter Improved Propulsion Shielding Improved Medium Armor Plating Relay Coupler [Cutter] (30) Relay Coupler [Grunt] (23) Remote Datajack Peak State ------------ > --- POWER ------------ Light Angular Momentum Engine > --- PROPULSION ------- Flying Fortress v7 > --- UTILITY ---------- Improved Heat Sink Small Storage Unit Machine Analyzer Improved Propulsion Shielding Improved Medium Armor Plating > --- WEAPON ----------- AWS/Thermal Remote Datajack > --- INVENTORY -------- Improved Heat Sink High-capacity Matter Pod Improved Signal Interpreter Improved Propulsion Shielding Relay Coupler [Cutter] Relay Coupler [Grunt] Relay Coupler [Grunt] Heavy Hammer [Rating: 73] Favorites ----------- Power Ion Engine Engine Ion Engine Propulsion Flying Fortress v7 Treads Light Treads Leg Aluminum Leg Wheel Compact Wheel Flight Unit Flying Fortress v7 Utility Small Storage Unit Device Improved Heat Sink Storage Small Storage Unit Processor Machine Analyzer Hackware Hacking Suite Protection Improved Medium Armor Plating Weapon AWS/Thermal Energy Gun AWS/Thermal Ballistic Gun Light Assault Rifle Special Weapon Remote Datajack Impact Weapon Heavy Hammer Build | -11 -10 -10 -10 -9 -8 -7 -7 -7 ------- Run | Scr Mat Min Exi Min Mat Fac Gar Fac Slots Evolved 6 | . . . . . 4 2 . . Power . | . . . . . . . . . Propulsion 2 | . . . . . 2 . . . Utility 3 | . . . . . 2 1 . . Weapon 1 | . . . . . . 1 . . Parts Attached 23 | . . 1 4 . 2 3 6 7 Power 3 | . . . 1 . . . 2 . Engine 3 | . . . 1 . . . 2 . Core . | . . . . . . . . . Reactor . | . . . . . . . . . Propulsion 3 | . . . 2 . 1 . . . Treads 1 | . . . 1 . . . . . Leg . | . . . . . . . . . Wheel 1 | . . . 1 . . . . . Hover . | . . . . . . . . . Flight 1 | . . . . . 1 . . . Utility 11 | . . 1 . . 1 2 4 3 Device 5 | . . 1 . . 1 . 3 . Storage . | . . . . . . . . . Processor 2 | . . . . . . 1 . 1 Hackware 2 | . . . . . . 1 . 1 Protection 2 | . . . . . . . 1 1 Artifact . | . . . . . . . . . Weapon 6 | . . . 1 . . 1 . 4 Energy Gun 1 | . . . 1 . . . . . Energy Cannon . | . . . . . . . . . Ballistic Gun . | . . . . . . . . . Ballistic Cannon . | . . . . . . . . . Launcher . | . . . . . . . . . Special Weapon 2 | . . . . . . . . 2 Impact Weapon 3 | . . . . . . 1 . 2 Slashing Weapon . | . . . . . . . . . Piercing Weapon . | . . . . . . . . . Special Melee Weapon . | . . . . . . . . . Unidentified Prototypes . | . . . . . . . . . Parts Lost 1 | . . . . . . . 1 . Power . | . . . . . . . . . Propulsion . | . . . . . . . . . Utility 1 | . . . . . . . 1 . Weapon . | . . . . . . . . . Highest Loss Streak 1 | . . . . . . . 1 . To Critical Strikes . | . . . . . . . . . Average Slot Usage (%) 79 | . 85 97 91 85 49 63 67 69 Engine 10 | . 14 14 14 14 9 7 7 7 Treads 4 | . . . 13 14 . . . . Leg 5 | . 28 28 1 . . . . . Wheel 4 | . . . 13 14 . . . . Flight 3 | . . . . . 9 7 7 7 Device 10 | . . 11 14 14 13 15 6 4 Storage 10 | . 14 14 14 14 9 7 7 7 Processor 3 | . . . . . . 7 7 9 Hackware 1 | . . . . . . 2 7 1 Protection 3 | . . . . . . . 6 13 Energy Gun 10 | . 14 14 14 14 9 7 7 7 Ballistic Gun 4 | . 14 14 6 . . . . . Impact Weapon 2 | . . . . . . 7 7 4 Naked Turns . | . . . . . . . . . Heaviest Build 35 | 12 12 13 19 19 19 22 33 35 Greatest Support 59 | 20 20 20 20 16 59 50 50 50 Greatest Overweight (x) 1 | . . . 1 1 . . . . Average Overweight (x) . | . . . . 1 . . . . Largest Inventory Capacity 8 | . 8 8 8 8 8 8 8 8 Average Capacity 8 | . 8 8 8 8 8 8 8 8 Most Carried 8 | . 6 6 8 8 8 8 8 8 Average Carried 6 | . 6 6 7 8 5 6 6 7 Final Capacity 8 | 8 8 8 8 8 8 8 8 8 Final Carried 8 | 6 6 6 8 8 8 8 8 8 Class Distribution -------------------- 100% | Mutant Dominant Class ---------------- Mutant | -10/Materials Mutant | -10/Mines Mutant | -10/Exiles Mutant | -9/Mines Mutant | -8/Materials Mutant | -7/Factory Mutant | -7/Garrison Mutant | -7/Factory Resources | -11 -10 -10 -10 -9 -8 -7 -7 -7 ----------- Run | Scr Mat Min Exi Min Mat Fac Gar Fac Matter Collected 407 | 200 . . 63 . 20 . 124 . Remotely . | . . . . . . . . . Salvage Created 696 | . . 86 . . 134 . 476 . Parts 33 | . . 3 . . 5 . 25 . Haulers Intercepted . | . . . . . . . . . Recyclers Shooed . | . . . . . . . . . Parts Field Recycled . | . . . . . . . . . Retrieved Matter . | . . . . . . . . . Parts Self-Destructed . | . . . . . . . . . Prevented . | . . . . . . . . . Kills | -11 -10 -10 -10 -9 -8 -7 -7 -7 ------- Run | Scr Mat Min Exi Min Mat Fac Gar Fac Combat Hostiles Destroyed 18 | . . 2 . . 2 . 14 . Guns 16 | . . 2 . . 2 . 12 . AOE 2 | . . . . . . . 2 . Classes Destroyed 4 | . . 1 . . 1 . 2 . Watcher 1 | . . . . . 1 . . . Swarmer 10 | . . . . . . . 10 . Grunt 7 | . . 2 . . 2 . 3 . Sentry 1 | . . . . . . . 1 . Best Kill Streak 8 | . . 2 . . 2 . 8 . Combat Bots Only 8 | . . 2 . . 2 . 8 . Max Kills in Single Turn 2 | . . 1 . . 1 . 2 . Gunslinging . | . . . . . . . . . Exploded 2 | . . . . . . . 2 . Melee . | . . . . . . . . . Uniques/NPCs Destroyed . | . . . . . . . . . Combat | -11 -10 -10 -10 -9 -8 -7 -7 -7 -------- Run | Scr Mat Min Exi Min Mat Fac Gar Fac Damage Taken 924 | . . 326 . . 44 . 497 57 Core 102 | . . 41 . . . . 61 . Absorbed by Shields . | . . . . . . . . . Redirected to Shielding 18 | . . . . . . . . 18 Core Remaining (%) 94 | 100 . . . 83 100 . . . Volleys Fired 16 | . . 13 . . . . . 3 Largest 2 | . . 2 . . . . . 1 Hottest 60 | . . 60 . . . . . 5 Shots Fired 83 | . . 26 . . 15 . 37 5 Gun 80 | . . 26 . . 15 . 37 2 Cannon . | . . . . . . . . . Launcher . | . . . . . . . . . Special 3 | . . . . . . . . 3 Kinetic 13 | . . 13 . . . . . . Thermal 67 | . . 13 . . 15 . 37 2 Explosive . | . . . . . . . . . Electromagnetic . | . . . . . . . . . Robot Hit Streak 14 | . . 5 . . 8 . 14 1 Robot Miss Streak 5 | . . 2 . . 1 . 5 2 Penetration Max . | . . . . . . . . . Secondary Targets 1 | . . 1 . . . . . . Max Gunslinging Chain 1 | . . 1 . . . . . . Autonomous 54 | . . . . . 15 . 37 2 Shots Hit Robots 61 | . . 19 . . 12 . 27 3 Core Hits 26 | . . 5 . . 5 . 16 . Critical Kills . | . . . . . . . . . Critical Parts Destroyed . | . . . . . . . . . Critical Strikes . | . . . . . . . . . Melee Attacks 7 | . . . . . . . 3 4 Impact 7 | . . . . . . . 3 4 Slashing . | . . . . . . . . . Piercing . | . . . . . . . . . Sneak Attacks 1 | . . . . . . . . 1 Combat Hostiles . | . . . . . . . . . Follow-up Attacks . | . . . . . . . . . Damage Inflicted 1451 | . . 181 . . 346 . 829 95 Guns 1302 | . . 181 . . 346 . 775 . Cannons . | . . . . . . . . . Explosions . | . . . . . . . . . Melee 95 | . . . . . . . . 95 Ramming 54 | . . . . . . . 54 . Kinetic 80 | . . 80 . . . . . . Thermal 1222 | . . 101 . . 346 . 775 . Explosive . | . . . . . . . . . Electromagnetic . | . . . . . . . . . Impact 95 | . . . . . . . . 95 Slashing . | . . . . . . . . . Piercing . | . . . . . . . . . Highest Corruption 6 | . . . . . . . 6 6 Average Corruption 6 | . . . . . . . 6 6 Corruption Purged . | . . . . . . . . . Corruption Blocked . | . . . . . . . . . Effects 9 | . . . . . . . 4 5 Message Errors 1 | . . . . . . . . 1 Matter Fused 3 | . . . . . . . 3 . Heat Flow Errors 2 | . . . . . . . 1 1 Energy Discharges 1 | . . . . . . . . 1 Parts Rejected 1 | . . . . . . . . 1 Alerts 1 | . . . . . . . . 1 Overload Shots . | . . . . . . . . . Overflow Damage . | . . . . . . . . . Projectiles . | . . . . . . . . . Explosions . | . . . . . . . . . Melee . | . . . . . . . . . Knockbacks . | . . . . . . . . . Impact . | . . . . . . . . . Kinetic . | . . . . . . . . . Secondary . | . . . . . . . . . Self-Inflicted Damage 54 | . . . . . . . 54 . Shots . | . . . . . . . . . Rammed . | . . . . . . . . . Targets Rammed . | . . . . . . . . . Kicked . | . . . . . . . . . Crushed . | . . . . . . . . . Highest Temperature 267 | . . 267 . . . . 197 115 Average Temperature 146 | . . 159 . . . . 107 70 Received Heat Transfer 312 | . . 207 . . 45 . 36 24 Siege Activations . | . . . . . . . . . Robots Corrupted . | . . . . . . . . . Combat Hostiles . | . . . . . . . . . Parts Fried . | . . . . . . . . . Impact Corruptions . | . . . . . . . . . Robots Melted . | . . . . . . . . . Combat Hostiles . | . . . . . . . . . Parts Melted 2 | . . . . . 1 . 1 . Heat Transferred 1571 | . . 225 . . 444 . 902 . Parts Sabotaged . | . . . . . . . . . Parts Stolen . | . . . . . . . . . Parts Stripped . | . . . . . . . . . Power Chain Reactions . | . . . . . . . . . Missiles Intercepted . | . . . . . . . . . Alert | -11 -10 -10 -10 -9 -8 -7 -7 -7 ------- Run | Scr Mat Min Exi Min Mat Fac Gar Fac Peak Influence 566 | . . 50 . . 79 35 566 308 Initial 296 | . . . . . . 35 26 296 Average 126 | . . 42 . . 25 35 261 240 Maximum Alert Level 2 | . . . . . . . 2 1 Low Security (%) 74 | . 100 100 . 100 100 100 40 46 Level 1 20 | . . . . . . . 42 53 Level 2 4 | . . . . . . . 17 . Level 3 . | . . . . . . . . . Level 4 . | . . . . . . . . . Level 5 . | . . . . . . . . . High Security . | . . . . . . . . . Max Security . | . . . . . . . . . Squads Dispatched 3 | . . . . . 1 . . 2 Investigation 1 | . . . . . 1 . . . Extermination . | . . . . . . . . . Reinforcement 1 | . . . . . . . . 1 Assault . | . . . . . . . . . Garrison 1 | . . . . . . . . 1 Intercept . | . . . . . . . . . Searches Triggered . | . . . . . . . . . Construction Impeded . | . . . . . . . . . Haulers Reinforced 1 | . . . . . . . . 1 Active Scanning Responses . | . . . . . . . . . Cargo Convoy Interrupts . | . . . . . . . . . Stealth | -11 -10 -10 -10 -9 -8 -7 -7 -7 --------- Run | Scr Mat Min Exi Min Mat Fac Gar Fac Distress Signals . | . . . . . . . . . Communications Jammed . | . . . . . . . . . Distress Signals . | . . . . . . . . . Times Spotted 27 | . . 2 . . 3 2 17 3 Peak Tracking Total 9 | . . 2 . . 2 4 9 3 Tactical Retreats 3 | . . . . . . . 2 1 Traps | -11 -10 -10 -10 -9 -8 -7 -7 -7 ------- Run | Scr Mat Min Exi Min Mat Fac Gar Fac Traps Triggered 5 | . . . . . . . 4 1 Indirectly . | . . . . . . . . . Trap Hack Attempts . | . . . . . . . . . Triggered . | . . . . . . . . . Disarmed . | . . . . . . . . . Reprogrammed . | . . . . . . . . . Reused . | . . . . . . . . . Traps Extracted . | . . . . . . . . . Installed . | . . . . . . . . . Triggered . | . . . . . . . . . Exploded 3 | . . . . . . . 3 . Machines | -11 -10 -10 -10 -9 -8 -7 -7 -7 ---------- Run | Scr Mat Min Exi Min Mat Fac Gar Fac Machines Disabled 1 | . . . . . . . 1 . Max in Single Turn 1 | . . . . . . . 1 . Garrison Access 1 | . . . . . 1 . . . Garrison Relay 1 | . . . . . . . 1 . Machines Sabotaged . | . . . . . . . . . Garrisons Compromised . | . . . . . . . . . Overloaded Fab Kills . | . . . . . . . . . Hacking | -11 -10 -10 -10 -9 -8 -7 -7 -7 --------- Run | Scr Mat Min Exi Min Mat Fac Gar Fac Machines Accessed 11 | . . . 1 . 4 3 . 3 Terminals 4 | . . . . . 2 . . 2 Fabricators 1 | . . . . . . 1 . . Repair Stations . | . . . . . . . . . Recycling Units 2 | . . . . . 1 1 . . Scanalyzers 1 | . . . . . . . . 1 Garrison Access 2 | . . . . . 1 1 . . Total Hacks 18 | . . . 1 . 7 3 . 7 Successful 11 | . . . 1 . 4 2 . 4 Failed 7 | . . . . . 3 1 . 3 Catastrophic 2 | . . . . . . 1 . 1 Database Lockouts . | . . . . . . . . . Manual 3 | . . . 1 . . . . 2 Terminals 8 | . . . . . 4 . . 4 Fabricators 1 | . . . . . . 1 . . Repair Stations . | . . . . . . . . . Recycling Units 2 | . . . . . 1 1 . . Scanalyzers 3 | . . . . . . . . 3 Garrison Access 3 | . . . . . 2 1 . . Terminal Hacks 4 | . . . 1 . 2 . . 1 Prototype ID Bank 1 | . . . . . 1 . . . Unreport Threat 1 | . . . . . . . . 1 Dispatch Records 1 | . . . . . 1 . . . EX-Prototype ID Bank 1 | . . . 1 . . . . . Fabricator Hacks . | . . . . . . . . . Repair Station Hacks . | . . . . . . . . . Recycling Unit Hacks 2 | . . . . . 1 1 . . Report Inventory 1 | . . . . . . 1 . . Retrieve Components 1 | . . . . . 1 . . . Scanalyzer 2 | . . . . . . . . 2 Insert Component 1 | . . . . . . . . 1 Analyze 1 | . . . . . . . . 1 Garrison Access Hacks 2 | . . . . . 1 1 . . Unlock Access 1 | . . . . . . 1 . . Seal Access 1 | . . . . . 1 . . . Unauthorized Hacks 1 | . . . . . . . . 1 Terminals 1 | . . . . . . . . 1 Botnet 1 | . . . . . . . . 1 Fabricators . | . . . . . . . . . Repair Stations . | . . . . . . . . . Recycling Units . | . . . . . . . . . Scanalyzers . | . . . . . . . . . Garrison Access . | . . . . . . . . . Data Cores Recovered . | . . . . . . . . . Used . | . . . . . . . . . Hacking Detections 6 | . . . . . 2 2 . 2 Full Trace Events 1 | . . . . . 1 . . . Feedback Events . | . . . . . . . . . Feedback Blocked . | . . . . . . . . . Robot Schematics Acquired . | . . . . . . . . . Robots Built . | . . . . . . . . . Authchips . | . . . . . . . . . Time . | . . . . . . . . . Total Robot Build Rating . | . . . . . . . . . Part Schematics Acquired 1 | . . . . . . . . 1 Parts Built . | . . . . . . . . . Authchips . | . . . . . . . . . Time . | . . . . . . . . . Total Part Build Rating . | . . . . . . . . . Parts Repaired . | . . . . . . . . . Time . | . . . . . . . . . Parts Recycled . | . . . . . . . . . Recycled Matter . | . . . . . . . . . Retrieved Matter . | . . . . . . . . . Retrieved Components 1 | . . . . . 1 . . . Parts Scanalyzed 1 | . . . . . . . . 1 Part Schematics Acquired 1 | . . . . . . . . 1 Parts Damaged . | . . . . . . . . . Bothacking | -11 -10 -10 -10 -9 -8 -7 -7 -7 ------------ Run | Scr Mat Min Exi Min Mat Fac Gar Fac Used RIF Installer 1 | . . . . . . . 1 . Robots Hacked 2 | . . . . . . . . 2 Non-combat . | . . . . . . . . . Combat 2 | . . . . . . . . 2 Robot Hacks Applied 2 | . . . . . . . . 2 reboot_system 2 | . . . . . . . . 2 Relay Couplers Released 5 | . . . . . . . 5 . Machine Destruction 5 | . . . . . . . 5 . Attached 1 | . . . . . . . . 1 Fabnet Peak Effective % . | . . . . . . . . . Robots Rewired . | . . . . . . . . . Allies Hacked . | . . . . . . . . . Hacks Repelled . | . . . . . . . . . Allies | -11 -10 -10 -10 -9 -8 -7 -7 -7 -------- Run | Scr Mat Min Exi Min Mat Fac Gar Fac Total Allies . | . . . . . . . . . Largest Group . | . . . . . . . . . Highest-Rated Group . | . . . . . . . . . Highest-Rated Ally . | . . . . . . . . . Total Orders . | . . . . . . . . . Ally Attacks . | . . . . . . . . . Total Damage . | . . . . . . . . . Kills . | . . . . . . . . . Allies Corrupted . | . . . . . . . . . Allies Melted . | . . . . . . . . . Intel | -11 -10 -10 -10 -9 -8 -7 -7 -7 ------- Run | Scr Mat Min Exi Min Mat Fac Gar Fac Robot Analysis Total . | . . . . . . . . . Derelict Logs Recovered . | . . . . . . . . . Drone Launches . | . . . . . . . . . Drone Recoveries . | . . . . . . . . . Exploration | -11 -10 -10 -10 -9 -8 -7 -7 -7 ------------- Run | Scr Mat Min Exi Min Mat Fac Gar Fac Turns Passed 1319 | . 38 218 293 163 95 56 275 181 Spaces Moved 1449 | 1 32 151 254 46 162 101 418 284 Core . | . . . . . . . . . Treads . | . . . . . . . . . Legs 195 | 1 32 151 11 . . . . . Wheels 289 | . . . 243 46 . . . . Hover . | . . . . . . . . . Flight 965 | . . . . . 162 101 418 284 Fastest Speed 50 | 120 120 120 100 115 50 50 50 50 Average Speed 71 | 120 120 120 108 115 50 50 50 50 Slowest Speed 120 | 120 120 120 120 115 50 50 50 50 Overloaded Moves . | . . . . . . . . . Propulsion Burnouts . | . . . . . . . . . Robots Hopped 1 | . . . . . . . 1 . Cave-ins Triggered . | . . . . . . . . . Exploration Rate (%) 24 | 2 7 47 61 16 21 5 51 8 Regions Visited 8 Branch Regions 3 Pre-discovered Areas . | . . . . . . . . . Known Exits Taken 1 | . . . . . . 1 . . Unknown Exits Taken 6 | 1 1 1 1 1 1 . . . Scrap Searched . | . . . . . . . . . Spaces Dug . | . . . . . . . . . Terrain Destroyed 4 | . . . . . 2 . . 2 Melee . | . . . . . . . . . Projectile 4 | . . . . . 2 . . 2 AOE . | . . . . . . . . . Terrain Rammed 1 | . . . . . . . 1 . Walls Destroyed 1 | . . . . . . . 1 . Machines Disabled . | . . . . . . . . . Actions | -11 -10 -10 -10 -9 -8 -7 -7 -7 --------- Run | Scr Mat Min Exi Min Mat Fac Gar Fac Total 1695 | . 31 164 275 156 175 105 476 313 Wait 150 | . . . . 111 6 . 29 4 Move 1438 | . 31 150 253 45 161 100 414 284 Hop 1 | . . . . . . . 1 . Pick Up 17 | . . . 5 . 4 2 4 2 Fast Attach 10 | . . 1 2 . 1 1 3 2 Attach 4 | . . . 1 . 1 2 . . Detach 5 | . . . 4 . . . . 1 Swap 10 | . . . 1 . . . 4 5 Drop 21 | . . . 9 . 2 . 7 3 Fire 16 | . . 13 . . . . . 3 Melee 7 | . . . . . . . 3 4 Ram 1 | . . . . . . . 1 . Kick . | . . . . . . . . . Crush . | . . . . . . . . . Escape Stasis 15 | . . . . . . . 10 5 Rewire . | . . . . . . . . . Trap . | . . . . . . . . . Miscellaneous . | . . . . . . . . . Route ------- -11/Scrapyard -10/Materials -10/Mines -10/Exiles -9/Mines -8/Materials -7/Factory -7/Garrison (discovered 2 exits: *Fac x2) -7/Factory History --------- Turn | Location | Event 1 | -11/Scrapyard | Discovered new exit (range 0) 1 | -11/Scrapyard | Entered Materials 18 | -10/Materials | Discovered new exit (range 16) 39 | -10/Materials | Entered Mines 251 | -10/Mines | Deemed a non-threat by the Exiles lab entrance 253 | -10/Mines | Discovered new exit (range 5) 257 | -10/Mines | Entered Exiles 297 | -10/Exiles | Met 8R-AWN 307 | -10/Exiles | Build established: Mutant 311 | -10/Exiles | Met EX-HEX 341 | -10/Exiles | Met EX-BIN 353 | -10/Exiles | Aligned with FarCom system 354 | -10/Exiles | Given EX-Vault access code 378 | -10/Exiles | Opened EX-Vault 388 | -10/Exiles | Found AWS/Thermal 393 | -10/Exiles | Found Flying Fortress v7 416 | -10/Exiles | Warned to stay clear of 0b10 Research branches 448 | -10/Exiles | Met EX-DEC 540 | -10/Exiles | Discovered new exit (range 10) 550 | -10/Exiles | Stole two prototypes: AWS/Thermal, Flying Fortress v7 550 | -10/Exiles | Entered Mines 706 | -9/Mines | Discovered new exit (range 7) 713 | -9/Mines | Entered Materials 713 | -8/Materials | Evolved 4 slots: Propulsion x2, Utility x2 805 | -8/Materials | Discovered new exit (range 5) 808 | -8/Materials | Entered Factory 808 | -7/Factory | Evolved 2 slots: Utility x1, Weapon x1 810 | -7/Factory | FarCom data flow suspended 864 | -7/Factory | Identified exit to Garrison 864 | -7/Factory | Entered Garrison 886 | -7/Garrison | Triggered checkpoint 891 | -7/Garrison | Garrison Relay disabled 951 | -7/Garrison | Triggered checkpoint 996 | -7/Garrison | Discovered new exit (range 10) 1091 | -7/Garrison | Triggered checkpoint 1129 | -7/Garrison | Discovered new exit (range 9) 1136 | -7/Garrison | Installed Relay Interface Framework 1139 | -7/Garrison | Entered Factory 1151 | -7/Factory | Destroyed 8 combat bots 1320 | -7/Factory | Self-destructed Last Messages --------------- area. 01283_ Triggered Stasis Trap. 01283_ A bubble of rippling energy engulfs the area. 01283_ Field strength at 84. 01284_ Field strength at 68. 01285_ Field strength at 52. 01286_ Field strength at 36. 01287_ Field strength at 20. 01288_ Field strength at 4. 01289_ Stasis field depleted. 01297_ >> Machine Analyzer network decryption results: 01297_ Garrison Access x1 01306_ Jacked G-47 Trooper... >>reboot_system Initiating full reboot, ETC: 16. 01310_ Jacked G-47 Trooper... >>reboot_system Initiating full reboot, ETC: 25. 01319_ Y-54 Guardian emerges from the garrison. 01320_ System corrupted: Flying Fortress v7 rejected. Map ----- +----------------------------------------------------+ | ?????????????????????????????????????????????????? | | ?????????????????????????????????????????????????? | | ?????????????????????????????????????????????????? | | ?????????????????????????????????????????????????? | | ?????????????????????????????????????????????????? | | ????????????????????"""??????????????????????????? | | ????????????????????"T"????????################??? | | ???????????????????????????????# #??? | | ???????????????????????????????#[ #??? | | ?????????????????????? ??????# """"""""" #??? | | ???????????????????? ??????# #??? | | ???????????????????? ??????# ""T"" #??? | | ??????????????????? ??????# !""""" #??? | | ???????????????????? ##############+#######??? | | ???????????????????? #?????? | | ??????????????????? #?????? | | ??????????????????? ######? | | ????????????????"""""" + | | ????????????????"""""" # """"" | | ????????????????"""""" # """"" | | ????????????????"""""" # """"" | | ????????????????"""""" # """"" | | ???????????? ???"""""" ##### ####### # | | ???????????# """""" ""#?????????# # """"" | | ???????????# """""" ""#?????????# # """"" | | ???????????# """""" Y @G#?#####???# + """"" | | ???????????# ""#?#"""#???# ^ # """"" | | ???????????# g""#?#"Y"#???# # | | ??????????## #;###" "##### # """"" | | ????????# # """"" | | ????????# # """"" | | ????????# [[[ # """"" | | ????????# [[[ + | | ????????# [[ ]] ####### | | ????????# ####### ]] # | | ????????????????# """ ]] ## | | ????????????????######### T## """ #? [ | | ????????????????????????##### """ #??? | | ?????????""""?""""??????????# #????#+# | | ?????????""""?""""??????????# " " """ ###### # | | ?????????""""?""""??????????# "T" """ # | | ?????????""""?""""??????????# """ """ # | | ?????????""""?""""??????????# # | | ?????????""""?""""??????????# # | | ?????????""""?""""??????????#####+####### # | | ??????????????????????????????? ????# #### | | ????????????????????????????? ??# #??? | | ???????????????????????????# # #### | | ???????????????????????????# # | | ???????????????????????????# # | +----------------------------------------------------+ Best States ------------- Heat Dissipation 53 Energy Generation 18 Energy Capacity 250 Matter Stores 300 Matter Capacity 300 Sight Range 18 Terrain Scan Density 10 Armor Coverage 225 Propulsion Shielding 66 Evasion (%) 60 Offensive Hacking 10 Relay Coupler Types 1 Relay Coupler Value 26 Item Schematics ----------------- Imp. Propulsion Shielding | -7/Factory | Scanalyzed Robot Schematics ------------------ None Fabricated ------------ Nothing Alien Tech Used ----------------- None Achievements -------------- None Challenges ------------ None Game ------ Seed MagneticClaymoresNullifier Manual? 0 Play Time 00:18:33 Cumulative 141.7 hours Start 2022.07.25 @ 21:57:07 End 2022.07.25 @ 22:14:24 Sessions 1 Manual Loads 0 Difficulty Rogue Special Mode None Game No. 189 Rogue 185 Adventurer 0 Explorer 4 Win Type - Total 5 Types 5/0/0/0/0/0/0/0/0 Lore% 63 Gallery% 66 Achievement% 55 Wizard Run 0 Options --------- ASCII 1 Keyboard 1 Movement Numpad Keybinds 0 Fullscreen 1 Font 18/X11 Map View 76x50 Tactical HUD 1 Map Filters NONE Filters NONE Steam X RUN: 9a12b36a-c775-4799-ad29-4cc6cf739e3a